 Dungeon Crawl Stone Soup version 0.20-a0-1020-g7b9e4fe (webtiles) character file.

17 Gorglomux the Poker (level 2, -2/26 HPs)
             Began as a Draconian Chaos Knight on Apr 18, 2017.
             Killed from afar by a white imp (6 damage)
             ... with a puff of frost
             ... summoned by Xom
             ... on level 1 of the Dungeon.
             The game lasted 00:00:43 (509 turns).

Gorglomux the Poker (Draconian Chaos Knight)         Turns: 509, Time: 00:00:44

Health: -2/26      AC:  4    Str: 14    XL:     2   Next: 44%
Magic:  2/2        EV: 12    Int: 12    God:    Xom [*.....]
Gold:   39         SH:  0    Dex: 10    Spells: 1/1 levels left

rFire    . . .     SeeInvis .   a - +0 spear (chaos)
rCold    . . .     Gourm    .   (no shield)
rNeg     . . .     Faith    .   (armour unavailable)
rPois    .         Spirit   .   (helmet restricted)
rElec    .         Reflect  .   (no cloak)
rCorr    .         Harm     .   (no gloves)
MR       .....                  (no boots)
Stlth    +.........             (no amulet)
Regen    0.1/turn               (no ring)
MPRegen  0.1/turn               (no ring)

@: no status effects
A: unfitting armour, cold-blooded, AC +4
a: Renounce Religion


You were on level 1 of the Dungeon.
You worshipped Xom.
You were a special plaything of Xom.
You were not hungry.

You visited 1 branch of the dungeon, and saw 1 of its levels.

You collected 39 gold pieces.

Inventory:

Hand Weapons
 a - a +0 spear of chaos (weapon)
Scrolls
 c - a scroll of amnesia {unknown}
 d - a scroll of random uselessness {unknown}
Potions
 e - a potion of curing {unknown}
 g - a potion of mutation {unknown}
Comestibles
 b - 2 bread rations {@e1@e1}
 f - 4 fruits


   Skills:
 - Level 3.2 Fighting
 + Level 3.9 Polearms
 - Level 2.1 Dodging


You had one spell level left.
You didn't know any spells.

Dungeon Overview and Level Annotations

Branches:
Dungeon (1/15)

Altars:


Innate Abilities, Weirdness & Mutations

Your plain brown scales are hard. (AC +4)
You cannot fit into any form of body armour.
You are cold-blooded and may be slowed by cold attacks.


Message History

No target in view!
No target in view!
No target in view!
You open the door.
There is an open door here.
Found a stone staircase leading down.
A goblin comes into view. It is wielding a club.
The goblin shouts!
A goblin is nearby!
Attack whom?
Aim: a goblin, wielding a club You reach to attack!
You hit the goblin. Lightning courses through the goblin!
You kill the goblin!
No target in view!
No target in view!
No target in view!
No target in view!
No target in view!
No target in view!
No target in view!
No target in view!
A hobgoblin comes into view.
Health restored: 26 A hobgoblin is nearby!
The hobgoblin shouts!
Attack whom?
Aim: a hobgoblin You reach to attack!
You hit the hobgoblin. You hit the hobgoblin.
You kill the hobgoblin!
No target in view!
No target in view!
No target in view!
No target in view!
No target in view!
No target in view!
No target in view!
No target in view!
No target in view!
No target in view!
No target in view!
A rat comes into view.
A rat is nearby!
A rat is nearby!
You barely miss the rat. The rat bites you but does no damage.
You barely miss the rat. The rat bites you but does no damage.
A rat comes into view.
You hit the rat. You freeze the rat.
You kill the rat!
You see here a rat corpse.
All of the chunks of flesh in your inventory have rotted away.
You barely miss the rat. The rat barely misses you.
You hit the rat. You burn the rat.
You kill the rat!
No target in view!
You see here a leather armour.
d - a scroll labeled ETSEIR BITWIC
g - a metallic yellow potion No target in view!
You now have 39 gold pieces (gained 14).
You open the door.
There is an open door here.
You open the door.
There is an open door here. "Let's see if it's strong enough to survive yet."
Attack whom?
Aim: a white imp (summoned)
You reach to attack!
You barely miss the white imp.
Attack whom?
Aim: a white imp (summoned)
You reach to attack!
You hit the white imp but do no damage. You closely miss the white imp.
The white imp hits you. The white imp freezes you.
You take 7 damage, and have 19/26 hp.
MASSIVE DAMAGE!!
You barely miss the white imp. The white imp gestures at you.
The puff of frost hits you!
You take 3 damage, and have 16/26 hp.
Unknown command.
You barely miss the white imp.
You tail-slap the white imp, but do no damage.
The white imp gestures at you. The puff of frost hits you!
You take 7 damage, and have 9/26 hp.
MASSIVE DAMAGE!!
Unknown command.
You are too injured to fight recklessly!
You are too injured to fight recklessly!
You hit the white imp.
The white imp convulses.
The white imp closely misses you.
You hit the white imp.
The white imp blinks!
The white imp gestures at you. The puff of frost hits you!
* * * LOW HITPOINT WARNING * * *
You take 5 damage, and have 4/26 hp.
The white imp shouts, "Slither away, thou peeagling fat-kidneyed bootlicker!"
The white imp gestures at you. The puff of frost hits you!
You die...

#.#...............
#.........#######.
#.#.#####.## #.
#.####.#........######.
#.....5......#....)....
######.#..##.#...#####.
#.........##.#.....# #.
#.........##.#..##.# #.
.#######@..###.#..##.# #.
.....................# #.
########..####.#########.
#...#..#..............
#.#.#..###.#.#########
#......# #..........#
###.#..###.#.######.##
#.#........(........
#.########.###....##


You could see a white imp.

Vanquished Creatures
  A dart slug (D:1)
  A leopard gecko (D:1)
  A giant cockroach (D:1)
  3 goblins (D:1)
  2 hobgoblins (D:1)
  A frilled lizard (D:1)
  A kobold (D:1)
  4 rats (D:1)
14 creatures vanquished.

Notes
Turn   | Place    | Note
-------+----------+-------------------------------------------
     0 | D:1      | Gorglomux the Draconian Chaos Knight began the quest for the Orb.
     0 | D:1      | Reached XP level 1. HP: 19/19 MP: 1/1
    38 | D:1      | XOM: divination: magic mapping
   182 | D:1      | Reached XP level 2. HP: 26/26 MP: 2/2
   501 | D:1      | XOM: summons 1 hostile demon
   508 | D:1      | HP: 4/26 [white imp/puff of frost[Xom] (5)]
   509 | D:1      | Killed from afar by a white imp

Vault maps used:
D:1:      roderic_octagonal_star

Action                   || total
-------------------------++-------
Melee: Spear             ||    35
       Tailslap          ||     2
Armor: Skin              ||     4
Dodge: Dodged            ||     6

Vault maps used:
D:1:      roderic_octagonal_star

Table legend:
 A = Turns spent in this place as a percentage of turns spent in the entire game.
 B = Non-inter-level travel turns spent in this place as a percentage of non-inter-level travel turns spent in the entire game.
 C = Inter-level travel turns spent in this place as a percentage of turns spent in this place.
 D = Turns resting spent in this place as a percentage of non-inter-level travel turns spent in this place.
 E = Turns spent auto-exploring this place as a percentage of non-inter-level travel turns spent in this place.
 F = Non-inter-level travel turns spent in this place divided by the number of levels of this place that you've seen.
                   A       B       C       D       E      F
               +-------+-------+-------+-------+-------+----------------------
         Total | 100.0 | 100.0 |   0.0 |   0.0 |  10.3 | 195.0
       Dungeon | 100.0 | 100.0 |   0.0 |   0.0 |  10.3 | 195.0
               +-------+-------+-------+-------+-------+----------------------

Table legend:
 A = Kills in this place as a percentage of kills in entire the game.
 B = Kills by you in this place as a percentage of kills by you in the entire game.
 C = Kills by friends in this place as a percentage of kills by friends in the entire game.
 D = Other kills in this place as a percentage of other kills in the entire game.
 E = Experience gained in this place as a percentage of experience gained in the entire game.
 F = Experience gained in this place divided by the number of levels of this place that you have seen.
                   A       B       C       D       E      F
               +-------+-------+-------+-------+-------+----------------------
         Total | 100.0 | 100.0 |  -nan |  -nan | 100.0 |  25.0
       Dungeon | 100.0 | 100.0 |  -nan |  -nan | 100.0 |  25.0
               +-------+-------+-------+-------+-------+----------------------
